 Dungeon Crawl Stone Soup version 0.30-a0-840-ga523dec638 (webtiles) character file.

Game seed: 9462288430856298206

191 Yadimbah the Poker (level 6, -1/48 HPs)
             Began as a Human Berserker on Mar 1, 2023.
             Was a Priest of Trog.
             Frozen to death by an endoplasm (2 damage)
             ... on level 4 of the Dungeon.
             The game lasted 00:15:16 (2752 turns).

Yadimbah the Poker (Human Berserker)                Turns: 2752, Time: 00:15:16

Health: -1/48      AC:  7    Str: 19    XL:     6   Next: 2%
Magic:  6/6        EV: 10    Int:  7    God:    Trog [***...]
Gold:   163        SH:  0    Dex: 13    Spells: 5/5 levels left

rFire   . . .      SeeInvis .    a - +0 trident
rCold   . . .      Faith    .    (no shield)
rNeg    . . .      Spirit   .    m - +0 scale mail
rPois   .          Reflect  .    (no helmet)
rElec   .          Harm     .    b - +0 cloak
rCorr   .          Rampage  .    (no gloves)
Will    .....                    (no boots) Stlth
                                 (no amulet)
HPRegen 0.28/turn                (no ring)
MPRegen 0.10/turn                (no ring)

@: no status effects
A: no striking features
a: Renounce Religion, Berserk, Trog's Hand


You were on level 4 of the Dungeon.
You worshipped Trog.
Trog was most pleased with you.
You visited 1 branch of the dungeon, and saw 4 of its levels.

You collected 163 gold pieces.

Inventory:

Hand Weapons
 a - a +0 trident (weapon)
Armour
 b - a +0 cloak (worn)
 m - a +0 scale mail (worn)
Jewellery
 h - a ring of ice
Scrolls
 c - a scroll of teleportation
 d - a scroll of enchant armour
 i - 2 scrolls of noise {unknown}
 j - a scroll of torment
 n - 2 scrolls of identify
 o - a scroll of brand weapon {unknown}
 q - a scroll of enchant weapon {unknown}
Potions
 e - 2 potions of attraction
 f - 3 potions of curing
 g - 2 potions of haste {unknown}
 k - a potion of lignification {unknown}
 l - a potion of degeneration {unknown}
 p - a potion of ambrosia {unknown}


   Skills:
 + Level 4.2 Fighting
 + Level 0.3 Short Blades
 + Level 4.3 Polearms
 + Level 3.1 Armour
 + Level 2.4 Dodging
 + Level 0.3 Stealth


You had 5 spell levels left.
You didn't know any spells.
Your spell library contained the following spells:

 Spells                   Type           Power      Damage    Failure   Level
 Call Canine Familiar     Summ           0%         N/A       99%         3
 Portal Projectile        Hex/Tloc       0%         N/A       99%         3
 Leda's Liquefaction      Hex/Erth       0%         N/A       100%        4


Dungeon Overview and Level Annotations

Branches:
Dungeon (4/15)
 Temple: D:4-7

Altars:
Fedhas


Message History

The endoplasm attacks as you move away! The endoplasm closely misses you.
The endoplasm jiggles.
There is an open door here.
You barely miss the orc. The endoplasm barely misses you.
The orc hits you with a +0 hand axe.
You barely miss the orc. The endoplasm freezes you.
You are frozen.
The orc hits you with a +0 hand axe!
* * * LOW HITPOINT WARNING * * *
You feel better. The endoplasm freezes you.
You are frozen.
The orc hits you with a +0 hand axe.
* * * LOW HITPOINT WARNING * * *
You closely miss the orc. The endoplasm freezes you.
You are frozen.
* * * LOW HITPOINT WARNING * * *
The orc misses you.
You hit the orc but do no damage. The endoplasm freezes you.
You are frozen.
* * * LOW HITPOINT WARNING * * *
The orc closely misses you.
You puncture the orc!
You kill the orc!
Trog accepts your kill.
You are no longer corroded.
The endoplasm freezes you.
You are frozen.
* * * LOW HITPOINT WARNING * * *
You hit the kobold but do no damage. The endoplasm freezes you.
You are frozen.
* * * LOW HITPOINT WARNING * * *
The kobold hits you with a +0 short sword.
* * * LOW HITPOINT WARNING * * *
The kobold barely misses you. The endoplasm freezes you.
You are frozen.
You die...

#......(####
#..........#
#..........#
#......<#### #?......#
#####....# +...#....#
#..JK### ######@###
#........#+####+####+##
#.....................#
#......................
#......................
#........#+####+####+#.
#........# #.
#........# #.
#........# #.


You could see an endoplasm and a kobold.

Vanquished Creatures
  A jelly (D:4)
  3 gnolls (D:3)
  6 adders
  2 dart slugs
  4 orcs
  3 bats
  4 endoplasms
  4 giant cockroaches (D:1)
  12 goblins
  7 hobgoblins
  3 jackals (D:3)
  A quokka (D:3)
  5 ball pythons
  2 frilled lizards
  5 kobolds
  8 rats
70 creatures vanquished.

Vanquished Creatures (others)
  2 fungi (D:4)
  A plant (D:4)
3 creatures vanquished.

Grand Total: 73 creatures vanquished

Notes
Turn   | Place    | Note
-------+----------+-------------------------------------------
     0 | D:1      | Yadimbah the Human Berserker began the quest for the Orb.
     0 | D:1      | Reached XP level 1. HP: 18/18 MP: 1/1
    81 | D:1      | Reached XP level 2. HP: 20/24 MP: 2/2
   123 | D:1      | Found a faded altar of an unknown god.
   299 | D:1      | Reached XP level 3. HP: 27/29 MP: 3/3
   965 | D:2      | Reached ** piety under Trog
  1200 | D:2      | Reached XP level 4. HP: 33/35 MP: 4/4
  2005 | D:3      | Identified the +4 dagger of Ucsoos {freeze, *Noise rC+++
                  | rN+ Dex-2}
  2075 | D:3      | Reached XP level 5. HP: 42/42 MP: 5/5
  2407 | D:3      | Reached *** piety under Trog
  2623 | D:4      | Found a blossoming altar of Fedhas.
  2725 | D:4      | Reached XP level 6. HP: 28/48 MP: 6/6
  2752 | D:4      | HP: 2/48 [frozen (2)]
  2752 | D:4      | Frozen to death by an endoplasm

Illustrated notes

Levels and vault maps discovered:
D:1:      eino_arrival_cavern_b, layout_loops_ring,
          shapermc_ecumenical_altar_acropolis
D:2:      layout_loops_corners
D:3:      layout_basic
D:4:      minmay_bubble_buster, layout_basic, fedhas_altar_3,
          minmay_snake_closets, uniq_sigmund

Skill      XL: |  1  2  3  4  5 |
---------------+----------------+-----
Polearms       | 4 |  4.3
Armour         | 3 |  3.1
Fighting       | 4 |  4.2
Short Blades   | |  0.3
Dodging        | |  2.4
Stealth        | |  0.3

Action                     |  1- 3 |  4- 6 || total
---------------------------+-------+-------++-------
  Melee: Spear             |   117 |    46 ||   163
         Dagger            |       |    61 ||    61
         Punch             |       |     3 ||     3
         Trident           |       |    32 ||    32
    Use: Scroll            |       |     9 ||     9
         Potion            |       |     1 ||     1
 Armour: Animal skin       |    20 |       ||    20
         Ring mail         |    10 |    22 ||    32
         Scale mail        |       |    24 ||    24
  Dodge: Dodged            |    59 |    79 ||   138

Table legend: (Time is in decaauts)
 A = Elapsed time spent in this place.
 B = Non-inter-level travel time spent in this place.
 C = Inter-level travel time spent in this place.
 D = Time resting spent in this place.
 E = Time spent auto-exploring this place.
 F = Levels seen in this place.
 G = Mean time per level.
                   A        B        C        D        E       F      G
               +--------+--------+--------+--------+--------+-----+--------+
         Total |   2742 |   1639 |   1103 |      0 |   1067 |   4 |  685.5 |
       Dungeon |   2742 |   1639 |   1103 |      0 |   1067 |   4 |  685.5 |
               +--------+--------+--------+--------+--------+-----+--------+

Top non-repeatable levels by time:
     D:2: 967 daAuts
     D:1: 927 daAuts
     D:3: 697 daAuts
     D:4: 149 daAuts
